 Dungeon Crawl Stone Soup version 0.29.1-1-gd02db6906a (webtiles) character file.

Game seed: 6288606965227331953

424 Icepheonix32 the Gusty (level 6, 0/33 HPs)
             Began as a Tengu Air Elementalist on Oct 5, 2022.
             Was an Initiate of Vehumet.
             Slain by a centaur
             ... wielding a +0 mace
              (7 damage)
             ... on level 5 of the Dungeon.
             The game lasted 00:07:38 (6171 turns).

Icepheonix32 the Gusty (Tengu Air Elementalist)     Turns: 6171, Time: 00:07:39

Health: 0/33       AC:  4    Str:  8    XL:     6   Next: 96%
Magic:  8/12       EV: 15    Int: 17    God:    Vehumet [......]
Gold:   266        SH:  0    Dex: 15    Spells: 0/12 levels left

rFire   + . .      SeeInvis .   z - +1 falchion (freeze)
rCold   . . .      Faith    .   (no shield)
rNeg    . . .      Spirit   .   v - +1 robe of Valour {*Corrode rPois Stlth+}
rPois   +          Reflect  .   (helmet restricted)
rElec   .          Harm     +   f - scarf {harm}
rCorr   .          Rampage  .   y - +0 pair of gloves
Will    .....                   (boots unavailable)
Stlth   +++.......              (no amulet)
HPRegen 0.11/turn               o - ring of wizardry
MPRegen 0.13/turn               t - ring of protection from fire

@: flying quickly and evasively, quick
A: beak, talons 3, nimble flight
a: Renounce Religion


You were on level 5 of the Dungeon.
You worshipped Vehumet.
Vehumet was noncommittal.
You visited 2 branches of the dungeon, and saw 6 of its levels.

You collected 266 gold pieces.

Inventory:

Hand Weapons
 c - a +0 dagger
 r - a +0 quarterstaff
 z - a +1 falchion of freezing (weapon)
 D - a +1 vorpal hand axe
Missiles
 s - 4 datura-tipped darts
Armour
 a - a +0 robe
 f - a scarf of harm (worn)
 g - a +0 cloak
 v - the +1 robe of Valour (worn) {*Corrode rPois Stlth+}
   (You found it on level 3 of the Dungeon)

   rPois:     It protects you from poison.
   *Corrode:  It may corrode you when you take damage.
   Stlth:     It makes you more stealthy.
 y - a +0 pair of gloves (worn)
Jewellery
 o - a ring of wizardry (left hand)
 t - a ring of protection from fire (right hand)
Wands
 u - a wand of flame (6)
 A - a wand of quicksilver (15)
 B - a wand of polymorph (10)
Scrolls
 b - a scroll of summoning {unknown}
 e - a scroll of vulnerability {unknown}
 h - a scroll of enchant armour
 j - a scroll of noise {unknown}
 k - a scroll of poison {unknown}
 q - a scroll of amnesia {unknown}
 w - a scroll of fog
 x - a scroll of teleportation
 C - a scroll of acquirement {unknown}
Potions
 d - 2 potions of curing
 i - 4 potions of brilliance {unknown}
 l - 4 potions of heal wounds {unknown}
 m - a potion of mutation {unknown}
 n - a potion of lignification
 p - a potion of invisibility {unknown}


   Skills:
 + Level 0.4 Fighting
 + Level 1.0 Short Blades
 * Level 3.3 Dodging
 + Level 2.4 Stealth
 + Level 3.6 Spellcasting
 * Level 3.9 Conjurations
 * Level 6.8 Air Magic


You couldn't memorise any spells.
You knew the following spells:

 Your Spells              Type           Power      Damage    Failure   Level
a - Shock                 Conj/Air       84%        1d8       1%          1
b - Static Discharge      Conj/Air       21%        3-6/arc   1%          2
c - Swiftness             Air            26%        N/A       1%          3
d - Wereblood             Tmut           3%         N/A       11%         2
e - Airstrike             Air            13%        2d(2-18)  4%          4

Your spell library contained the following spells:

 Spells                   Type           Power      Damage    Failure   Level
 Beastly Appendage        Tmut           6%         N/A       7%          1
 Spider Form              Tmut/Pois      3%         N/A       21%         3


Dungeon Overview and Level Annotations

Branches:
Dungeon (5/15)             Temple (1/1) D:4

Altars:
Ashenzari
Dithmenos
Elyvilon
Hepliaklqana
Makhleb
Qazlal
Ru
Trog
Vehumet
Wu Jian
Xom
Yredelemnul
Zin

Annotations:
D:3 1 runed translucent door, Crazy Yiuf


Innate Abilities, Weirdness & Mutations

You have a beak for a mouth.
You have claws for feet.
Your magical nature lets you fly swiftly and evasively.


Message History

An orc comes into view. It is wielding a +0 dagger.
Found a stone staircase leading up.
The orc shouts!
The zap hits the orc.
The orc is severely wounded.
The zap hits the orc.
You kill the orc!
Vehumet accepts your kill.
You can't see any susceptible monsters within range! (Use Z to cast anyway.)
You can't see any susceptible monsters within range! (Use Z to cast anyway.)
You see here 4 datura-tipped darts.
s - 4 datura-tipped darts A howler monkey comes into view.
The howler monkey howls!
The zap hits the howler monkey!
The howler monkey is heavily wounded.
The zap hits the howler monkey.
The howler monkey is almost dead.
The zap hits the howler monkey.
The howler monkey is almost dead.
A centaur comes into view. It is wielding a +0 mace.
The zap hits the howler monkey!
You kill the howler monkey!
Vehumet accepts your kill.
The centaur shouts!
The zap hits the centaur!
The centaur is heavily wounded.
You can't see any susceptible monsters within range! (Use Z to cast anyway.)
You can't see any susceptible monsters within range! (Use Z to cast anyway.)
The centaur unwields a +0 mace.
The centaur wields a +0 shortbow.
The centaur shoots an arrow.
The arrow hits you!
You hear an angry hiss.
The centaur shoots an arrow.
The arrow misses you.
The centaur shoots an arrow.
The arrow hits you!
* * * LOW HITPOINT WARNING * * *
You are too injured to fight recklessly!
An adder comes into view.
The centaur unwields a +0 shortbow.
The centaur wields a +0 mace.
The centaur hits you with a +0 mace.
You die...

#............
..............#
.S........#.........
####.................##.
.................#......
........<........#.....
......c...)..........
#@...........#
#..##...)#####...#####
#........†<.........
....†###.....#.....####
.....# #.....#..#.##
..... ...........#.#
.... ##.......#.. # ...
##.......... ...
#####..#....


You could see a centaur and an adder.

Vanquished Creatures
  A howler monkey (D:5)
  A jelly (D:4)
  2 hounds
  Ijyb (D:3)
  3 gnolls
  15 adders
  2 worms
  A dart slug (D:4)
  10 orcs
  7 bats
  5 endoplasms
  A giant cockroach (D:4)
  7 goblins
  10 hobgoblins
  8 jackals
  A quokka (D:3)
  6 ball pythons
  A ball python zombie (D:3)
  A frilled lizard (D:2)
  A jackal zombie (D:3)
  4 kobolds
  6 rats
94 creatures vanquished.

Notes
Turn   | Place    | Note
-------+----------+-------------------------------------------
     0 | D:1      | Icepheonix32 the Tengu Air Elementalist began the quest for
                  | the Orb.
     0 | D:1      | Reached XP level 1. HP: 10/10 MP: 4/4
   152 | D:1      | Reached XP level 2. HP: 11/15 MP: 0/6
   948 | D:1      | Found a faded altar of an unknown god.
  1669 | D:1      | Reached XP level 3. HP: 11/19 MP: 4/7
  1793 | D:1      | Learned a level 2 spell: Static Discharge
  1797 | D:1      | Learned a level 3 spell: Swiftness
  2145 | D:2      | Reached XP level 4. HP: 11/24 MP: 5/8
  2476 | D:2      | Reached skill level 5 in Air Magic
  3003 | D:2      | Learned a level 2 spell: Wereblood
  3020 | D:3      | Gained mutation: Your magical nature lets you fly swiftly
                  | and evasively. [Tengu growth]
  3020 | D:3      | Reached XP level 5. HP: 24/28 MP: 3/10
  3153 | D:3      | Reached skill level 1 in Short Blades
  3289 | D:3      | Noticed Ijyb
  3301 | D:3      | Killed Ijyb
  3627 | D:3      | Found a runed translucent door.
  3628 | D:3      | Noticed Crazy Yiuf
  3824 | D:3      | Identified the +1 robe of Valour {*Corrode rPois Stlth+}
  3970 | D:3      | Found a basalt altar of Yredelemnul.
  4086 | D:3      | Reached XP level 6. HP: 33/33 MP: 9/12
  4266 | D:3      | Found a burning altar of Makhleb.
  4561 | D:4      | Found a staircase to the Ecumenical Temple.
  4596 | D:4      | Reached skill level 6 in Air Magic
  4612 | Temple   | Entered the Ecumenical Temple
  4888 | Temple   | Became a worshipper of Vehumet
  5359 | D:4      | Learned a level 4 spell: Airstrike
  6096 | D:5      | Entered Level 5 of the Dungeon
  6171 | D:5      | Slain by a centaur

Illustrated notes

Levels and vault maps discovered:
D:1:      minmay_arrival_checkered_box, layout_basic,
          hellmonk_ecumenical_altar_slurped_away, chequers_mini_garden,
          minmay_misc_feat_doors
D:2:      layout_rooms
D:3:      layout_basic, lemuel_zombie_altar_yredelemnul,
          mainiacjoe_overflow_tiny_flanked, uniq_crazy_yiuf_cottage, uniq_ijyb
D:4:      kennysheep_big_flooded_room, layout_loops_ring,
          minmay_temple_entry_enclosed_plants, serial_park_tiny_2,
          nicolae_elevator_lobby_asterisk
D:5:      layout_rooms, okawaru_ov_weapons_minmay, uniq_pikel, uniq_eustachio,
          uniq_sigmund
Temple:   minmay_temple_curvy_loop

Skill      XL: |  1  2  3  4  5  6 |
---------------+-------------------+-----
Conjurations   | 2 3 |  3.9
Air Magic      | 5 6 |  6.8
Spellcasting   | 3 |  3.6
Dodging        | 3 |  3.3
Short Blades   | 1 |  1.0
Fighting       | |  0.4
Stealth        | |  2.4

Action                   |  1- 3 |  4- 6 || total
-------------------------+-------+-------++-------
Melee: Dagger            |    20 |       ||    20
       Peck              |     2 |     1 ||     3
       Kick              |     5 |     1 ||     6
       Punch             |     1 |       ||     1
       Quarterstaff      |       |     5 ||     5
       Falchion          |       |     2 ||     2
 Cast: Shock             |    41 |   161 ||   202
       Static Discharge  |     1 |     4 ||     5
  Use: Potion            |     2 |       ||     2
       Scroll            |       |     4 ||     4
 Stab: Sleeping          |     2 |       ||     2
Armor: Robe              |     2 |     3 ||     5
Dodge: Dodged            |    28 |    20 ||    48
